cohdb
Replays
Latest Replays
All Replays
Popular Replays
Top Player Replays
Match Explorer
How It Works
Community
CoH3 Stats
Reddit
Sign in to upload your games and track your stats! →
Sign in with Steam
Match 43770326
Unlisted
Match 43770326
Overview
Messages
Build Orders
End
Construct Infanterie Kompanie
Selects Terror Battlegroup
MG 42 Machine Gun Team
Grenadier Squad
GrW 34 Mortar Team
Medical Station
Infanterie Officer Quarters
Selects Machine Gun Camouflage
GrW 34 Mortar Team
Construct Panzergrenadier Kompanie
Support Elements
Panzergrenadier Squad
Nebelwerfer 42 Rocket Launcher Team
Selects Contempt for the Weak
Panzergrenadier Squad
Construct Luftwaffe Kompanie
Wirbelwind Flakpanzer
Selects Propaganda Leaflet Drop
Propaganda Leaflet Drop
Pak 40 Anti-tank Gun Team
Pak 40 Anti-tank Gun Team
TamponFIN
wille526
Jarkke
LineHero
moving94
ハチミハチミハチミ
0
0
Comments
sign in to comment!
No comments posted yet!